 Dungeon Crawl Stone Soup version 0.17-a0-1778-gd369669 (webtiles) character file.

777 ololoev the Spear-Bearer (level 7, -1/82 HPs)
             Began as a Red Draconian Skald on Sept 8, 2015.
             Slain by a slave (3 damage)
             ... led by Pikel
             ... on level 4 of the Dungeon.
             The game lasted 00:13:13 (5217 turns).

ololoev the Spear-Bearer (Red Draconian Skald)      Turns: 5217, Time: 00:13:13

Health: -1/82      AC: 23    Str: 14      XL:     7   Next: 54%
Magic:  10/10      EV:  2    Int: 12      God:
Gold:   184        SH:  0    Dex: 16 (18) Spells: 3 memorised, 4 levels left

rFire  . . .     SeeInvis .     B - +2 halberd (distort)
rCold  . . .     Clarity  .     (armour unavailable)
rNeg   + + +     SustAt   .     (no shield)
rPois  +         Gourm    +     (helmet currently unavailable)
rElec  .         Spirit   .     (cloak currently unavailable)
rCorr  .         Warding  .     (gloves currently unavailable)
rMut   .         NoTele   +     (boots currently unavailable)
MR     .....                    y - amulet of the gourmand
Stlth  ++........               (no ring)
                                (no ring)

@: agile, tree-form, very slightly contaminated, not resistant to hostile
enchantments, unstealthy
A: (breathe fire), unfitting armour, (fire resistance 0), (cold-blooded), AC +6
a: no special abilities


Innate Abilities, Weirdness & Mutations

((You can breathe blasts of fire.))
((Your fiery red scales are hard (AC +6).))
Your body does not fit into most forms of armour.
((Your flesh is heat resistant.))
((You are cold-blooded and may be slowed by cold attacks.))

Inventory:

Hand weapons
 B - a +2 halberd of distortion (weapon)
Armour
 p - a +1 cloak (melded)
Jewellery
 y - an amulet of the gourmand (around neck)
Magical devices
 a - a wand of magic darts (22)
 d - a wand of polymorph (15)
 z - a wand of frost (17)
Scrolls
 m - 3 scrolls of remove curse
Books
 b - a book of Battle

   Spells                             Type                      Level
   a - Infusion                       Charms                       1
   b - Shroud of Golubria             Charms/Translocation         2
   c - Song of Slaying                Charms                       2
   d - Spectral Weapon                Hexes/Charms                 3
   e - Regeneration                   Charms/Necromancy            3
Comestibles
 c - 3 bread rations
 f - 4 meat rations
 u - a royal jelly
 v - a slice of pizza
 w - 2 beef jerkies


   Skills:
 - Level 2.1 Fighting
 + Level 8.7 Polearms
 - Level 1.3 Dodging
 - Level 2.0 Spellcasting
 - Level 2.6 Charms


You had 4 spell levels left.
You knew the following spells:

 Your Spells              Type           Power        Failure   Level  Hunger
a - Infusion              Chrm           #.....       12%         1    ##.....
b - Song of Slaying       Chrm           #.......     14%         2    ###....
c - Regeneration          Chrm/Necr      #.........   56%         3    ####...


You were on level 4 of the Dungeon.
You were very full.
You were a tree.
You visited 1 branch of the dungeon, and saw 4 of its levels.

You collected 184 gold pieces.

#.# #.#
#####.###.#
#.........#####
#.####)#....._#
#.#<..........#
#.#..#........#
###.#..#........#
#...#....#......#
#.♣p#.####..#####
#.Kp#.. ...#
###.#######..
#[##.. ..>#
#.##.# ## #.##.#
#.##.# #####.##p#
#.p...##.#

Notes
Turn   | Place    | Note
--------------------------------------------------------------
     0 | D:1      | ololoev the Draconian Skald began the quest for the Orb.
     0 | D:1      | Reached XP level 1. HP: 17/17 MP: 3/3
   498 | D:1      | Found a shattered altar of Ashenzari.
   523 | D:1      | Reached XP level 2. HP: 19/24 MP: 5/5
   534 | D:1      | Learned a level 2 spell: Song of Slaying
   673 | D:1      | Reached skill level 3 in Polearms
  1285 | D:2      | Reached XP level 3. HP: 26/29 MP: 6/6
  1969 | D:2      | Reached skill level 4 in Polearms
  2012 | D:2      | Found a faded altar to an unknown god.
  2064 | D:2      | Learned a level 3 spell: Regeneration
  2178 | D:2      | Reached XP level 4. HP: 34/36 MP: 7/7
  2421 | D:3      | Reached skill level 5 in Polearms
  3055 | D:3      | Reached XP level 5. HP: 37/41 MP: 8/8
  3135 | D:3      | Found a basalt altar of Yredelemnul.
  3608 | D:3      | Found a shattered altar of Ashenzari.
  3608 | D:3      | Found a shadowy altar of Dithmenos.
  4141 | D:4      | Reached skill level 6 in Polearms
  4297 | D:4      | Noticed Grinder
  4459 | D:4      | Reached XP level 6. HP: 48/48 MP: 9/9
  4462 | D:4      | Found a deep blue altar of Sif Muna.
  4507 | D:4      | Noticed a phantom
  4524 | D:4      | Killed a phantom
  4654 | D:4      | Noticed a phantom
  4655 | D:4      | Reached skill level 7 in Polearms
  4689 | D:4      | Killed a phantom
  4809 | D:4      | Noticed an ogre
  4814 | D:4      | Killed an ogre
  4814 | D:4      | Your scales start taking on a fiery red colour.
  4814 | D:4      | Gained mutation: Your flesh is heat resistant. [Red Draconian growth]
  4814 | D:4      | Reached XP level 7. HP: 55/55 MP: 7/10
  4967 | D:4      | Noticed a slave
  4968 | D:4      | Noticed a slave
  4968 | D:4      | Noticed a slave
  4969 | D:4      | Noticed Pikel
  4977 | D:4      | Noticed a slave
  4985 | D:4      | Killed a slave
  5027 | D:4      | Killed Grinder
  5027 | D:4      | Reached skill level 8 in Polearms
  5215 | D:4      | HP: 1/82 [slave[Pikel] (3)]
  5217 | D:4      | Slain by a slave

Dungeon Overview and Level Annotations

Branches:
Dungeon (4/15)
 Temple: D:4-7

Altars:
Ashenzari
Dithmenos
Sif Muna
Yredelemnul

Annotations:
D:4 Pikel


Message History

You float gracefully downwards.
Pikel barely misses you. Pikel barely misses you.
Pikel hits you with a whip of freezing. Pikel freezes you.
Pikel closely misses you. Pikel closely misses you.
You flicker back into view.
Pikel hits you but does no damage. Pikel hits you with a whip of freezing.
Pikel freezes you. Pikel closely misses you. Pikel barely misses you.
You see here an animal skin.
Pikel completely misses you. Pikel barely misses you.
The slave barely misses you. Pikel hits you but does no damage.
Pikel says, "You'll fetch a fair price!"
Pikel hits you with a whip of freezing. Pikel freezes you.
The slave closely misses you.
All of the chunks of flesh in your inventory have rotted away.
Pikel hits you but does no damage. The slave closely misses you.
The slave hits you. Pikel hits you but does no damage. The slave hits you.
The slave barely misses you.
Drink which item? (? for menu, Esc to quit)
You feel agile all of a sudden. Pikel hits you with a whip of freezing!
Pikel freezes you. The slave barely misses you. The slave hits you.
Drink which item? (? for menu, Esc to quit)
You turn into a tree.
Your +1 cloak melds into your body.
Your roots penetrate the ground.
Pikel says, "Slavery isn't that bad."
Pikel hits you but does no damage. The slave hits you but does no damage.
The slave hits you but does no damage.
Unknown command.
Pikel says, "Slavery isn't that bad."
Pikel hits you but does no damage. The slave hits you.
The slave hits you but does no damage. Pikel hits you but does no damage.
The slave hits you but does no damage. The slave barely misses you.
Pikel barely misses you. The slave hits you.
You die...

You could see Pikel and 2 slaves.

Vanquished Creatures
  Grinder (D:4)
  A slave (D:4)
  2 phantoms (D:4)
  An ogre (D:4)
  An orc wizard (D:3)
  A giant frog skeleton (D:4)
  A hound (D:4)
  A hound skeleton (D:4)
  7 gnolls
  7 adders
  An ooze (D:3)
  A worm (D:3)
  A giant gecko (D:2)
  5 orcs
  2 ball pythons
  6 bats
  4 giant cockroaches
  5 hobgoblins
  7 jackals
  12 kobolds
  A giant gecko skeleton (D:4)
  3 giant newts
  13 goblins
  2 quokkas
  9 rats
95 creatures vanquished.

Vanquished Creatures (others)
  A giant gecko (D:4)
1 creature vanquished.

Grand Total: 96 creatures vanquished

Action                   |  1- 3 |  4- 6 |  7- 9 || total
-------------------------+-------+-------+-------++-------
Melee: Spear             |   189 |    76 |       ||   265
       Trident           |       |   160 |       ||   160
       Halberd           |       |       |    34 ||    34
 Cast: Song of Slaying   |     2 |     5 |       ||     7
       Infusion          |     2 |    10 |       ||    12
Evoke: Wand              |       |     7 |       ||     7
  Use: Potion            |       |     1 |     9 ||    10
       Scroll            |       |     9 |       ||     9
 Stab: Sleeping          |       |     4 |       ||     4
  Eat: Chunk             |     4 |    19 |     2 ||    25

Vault maps used:
D:1:      dpeg_arrival_more_subterranean_lakeside_camping,
          kennysheep_another_room, ashenzari_altar_1
D:2:      ecumenical_altar_1
D:3:      nicolae_overflow_crystal_walls, gammafunk_temple_overflow_wave,
          uniq_crazy_yiuf_cottage
D:4:      overflow_temple_1_default, nicolae_overflow_hidden_temple, uniq_pikel,
          uniq_grinder
